 Dungeon Crawl Stone Soup version 0.28-a0-1510-gd0f6b136d3 (webtiles) character file.

Game seed: 2046428775701072196

155 croobank the Caller (level 5, 0/33 HPs)
             Began as an Octopode Summoner on Jan 15, 2022.
             Killed by nerve-wracking pain
             ... invoked by Grinder
              (7 damage)
             ... on level 3 of the Dungeon.
             The game lasted 00:12:37 (2709 turns).

croobank the Caller (Octopode Summoner)             Turns: 2709, Time: 00:12:37

Health: 0/33       AC:  3    Str:  9    XL:     5   Next: 37%
Magic:  1/9        EV: 14    Int: 18    God:
Gold:   122        SH:  0    Dex: 18    Spells: 0/9 levels left

rFire   . . .      SeeInvis .   a - +4 dagger
rCold   . . .      Faith    .   (no shield)
rNeg    . . .      Spirit   .   h - +2 hat
rPois   .          Reflect  .   (no amulet)
rElec   .          Harm     .   o - +6 ring of dexterity
rCorr   .          Rampage  .   (no ring)
Will    .....                   (no ring)
Stlth   ++++......              (no ring)
HPRegen 0.11/turn               (no ring)
MPRegen 0.11/turn               (no ring)
                                (no ring)
                                (no ring)

@: on berserk cooldown, slowed, very slow
A: almost no armour, amphibious, 8 rings, camouflage 1, gelatinous body 1,
(nimble swimmer 1), tentacles
a: no special abilities


You were on level 3 of the Dungeon.
You visited 1 branch of the dungeon, and saw 3 of its levels.

You collected 122 gold pieces.

Inventory:

Hand Weapons
 a - a +4 dagger (weapon)
 b - a +0 short sword
 c - a +0 whip
Missiles
 f - 62 stones
 g - 12 arrows
Armour
 h - a +2 hat (worn)
Jewellery
 o - a +6 ring of dexterity (left tentacle)
Wands
 m - a wand of iceblast (7)
Scrolls
 j - a scroll of amnesia {unknown}
 l - 2 scrolls of identify
 n - a scroll of teleportation {unknown}
Potions
 d - 2 potions of lignification
 p - a potion of mutation {unknown}


   Skills:
 + Level 1.3 Fighting
 + Level 1.3 Short Blades
 + Level 2.9 Dodging
 + Level 4.1 Stealth
 + Level 2.8 Spellcasting
 + Level 4.5 Summonings


You couldn't memorise any spells.
You knew the following spells:

 Your Spells              Type           Power      Damage    Failure   Level
a - Summon Small Mammal   Summ           72%        N/A       2%          1
b - Call Imp              Summ           18%        N/A       3%          2
c - Call Canine Familiar  Summ           18%        N/A       8%          3
d - Summon Guardian Gole  Hex/Summ       10%        N/A       21%         3

Your spell library contained the following spells:

 Spells                   Type           Power      Damage    Failure   Level
 Freeze                   Ice            8%         1d3       17%         1
 Frozen Ramparts          Ice            4%         1d2       45%         3
 Portal Projectile        Hex/Tloc       4%         N/A       45%         3
 Summon Lightning Spire   Summ/Air       10%        N/A       54%         4
 Hailstorm                Conj/Ice       2%         3d3       86%         4
 Leda's Liquefaction      Hex/Erth       1%         N/A       86%         4


Dungeon Overview and Level Annotations

Branches:
Dungeon (3/15)

Altars:

Annotations:
D:3 Grinder


Innate Abilities, Weirdness & Mutations

You cannot wear most types of armour.
You are amphibious.
You can wear up to eight rings at the same time.
Your skin changes colour to match your surroundings (Stealth+).
Your rubbery body absorbs attacks. (AC +1, EV +1)
((You are camouflaged when in or above water. (Stealth+)))
You have tentacles for arms and can constrict up to eight enemies at once.


Message History

You feel yourself moving faster!
You feel mighty!
You feel a strong urge to attack something.
You feel your anger nearly subside.
Your crimson imp closely misses Grinder.
You are no longer berserk.
You are exhausted.
You feel yourself slow down.
Grinder hits something but does no damage.
Your crimson imp hits Grinder but does no damage.
Grinder gestures at you.
Your crimson imp resists with some effort.
Your crimson imp hits Grinder.
Grinder hits your crimson imp but does no damage.
Your crimson imp hits Grinder but does no damage.
Grinder gestures at your crimson imp.
Your crimson imp suddenly stops moving!
Grinder hits your crimson imp! x2
Your crimson imp dies!
Your crimson imp disappears in a puff of smoke!
Casting: Summon Guardian Golem (quite dangerous; 21% risk of failure)
Confirm with . or Enter, or press ? or * to list all spells.
The spell is quite dangerous to miscast (8% risk of failure)!
Continue anyway?
Grinder shouts!
You swap places.
Your hound bites Grinder.
Your hound bites Grinder.
Grinder hits your hound!
Your hound closely misses Grinder.
Grinder hits your hound.
Your hound dies!
Your hound's corpse disappears in a puff of smoke!
Casting: Call Canine Familiar (quite dangerous; 8% risk of failure)
Confirm with . or Enter, or press ? or * to list all spells.
Grinder hits your rat.
Okay, then.
Unknown command.
Found an escape hatch in the floor.
Grinder completely misses your rat.
Your rat closely misses Grinder.
Grinder hits your rat!
Your rat dies!
Your rat's corpse disappears in a puff of smoke!
Grinder gestures at you. Pain shoots through your body!
You die...

. ####. #.>.. ### #...#
...#...#
.##.###.#...###### .
................#
#..#.. #.#..@#
...#..##.#.B.#
............######
##.#......(5.....#
B....#...#..######
...........<..........#
....##.#.#...##.###.###
#..##.#.#..........
##..##.#.#........#.


You could see Grinder and a giant cockroach.

Vanquished Creatures
  A hound skeleton (D:3)
  3 adders
  An adder skeleton (D:3)
  An adder zombie (D:3)
  A dart slug (D:1)
  An orc (D:3)
  3 endoplasms
  A goblin (D:1)
  4 hobgoblins
  7 jackals
  A quokka (D:1)
  2 ball pythons (D:1)
  2 ball python skeletons (D:3)
  A frilled lizard (D:1)
  5 kobolds
  5 rats
39 creatures vanquished.

Vanquished Creatures (collateral kills)
  A scorpion zombie (D:3)
  A howler monkey skeleton (D:3)
  A gnoll (D:1)
  An adder (D:2)
  A dart slug (D:2)
  A giant cockroach (D:1)
  A goblin (D:1)
  A hobgoblin (D:1)
  A jackal (D:1)
  2 kobolds (D:1)
  3 bats
  2 frilled lizards (D:1)
16 creatures vanquished.

Vanquished Creatures (others)
  A withered plant (D:3)
1 creature vanquished.

Grand Total: 56 creatures vanquished

Notes
Turn   | Place    | Note
-------+----------+-------------------------------------------
     0 | D:1      | croobank the Octopode Summoner began the quest for the Orb.
     0 | D:1      | Reached XP level 1. HP: 11/11 MP: 3/3
   200 | D:1      | Reached XP level 2. HP: 10/17 MP: 5/5
   740 | D:1      | Learned a level 2 spell: Call Imp
   831 | D:1      | Reached XP level 3. HP: 19/21 MP: 1/6
   984 | D:1      | Found a faded altar of an unknown god.
  1222 | D:2      | Learned a level 3 spell: Call Canine Familiar
  1279 | D:2      | Reached XP level 4. HP: 27/27 MP: 7/7
  1717 | D:2      | Identified the -1 pair of boots "Gitiux" {Str+3 Dex+4}
  2069 | D:2      | Reached skill level 1 in Short Blades
  2269 | D:3      | Reached skill level 1 in Fighting
  2505 | D:3      | Identified the +1 robe of Ywkiuh {+Inv rC+ Int+2 Stlth-}
  2528 | D:3      | Reached XP level 5. HP: 25/33 MP: 7/9
  2620 | D:3      | Learned a level 3 spell: Summon Guardian Golem
  2662 | D:3      | Noticed Grinder
  2663 | D:3      | Paralysed by Grinder for 4 turns
  2709 | D:3      | Killed from afar by Grinder

Illustrated notes

Levels and vault maps discovered:
D:1:      amcnicky_arrival_blooded_trapdoor, layout_loops_ring,
          ebering_ecumenical_altar_mist
D:2:      layout_basic, minmay_ruptured
D:3:      layout_basic, serial_undead, serial_undead_d, serial_undead_b,
          serial_undead_b, serial_undead_c, serial_undead_e, serial_undead_a,
          minmay_crystal_water, uniq_sigmund, uniq_grinder

Skill      XL: |  1  2  3  4 |
---------------+-------------+-----
Stealth        | 3 4 |  4.1
Short Blades   | 1 |  1.3
Fighting       | 1 |  1.3
Dodging        | |  2.9
Spellcasting   | |  2.8
Summonings     | |  4.5

Action                   |  1- 3 |  4- 6 || total
-------------------------+-------+-------++-------
Melee: Short sword       |    18 |       ||    18
       Unarmed           |     6 |       ||     6
       Constrict         |     9 |     8 ||    17
       Tentacles         |     4 |     5 ||     9
       Dagger            |    16 |    38 ||    54
       Punch             |       |     1 ||     1
 Cast: Summon Small Mamm |    14 |     5 ||    19
       Call Imp          |     4 |     3 ||     7
       Call Canine Famil |       |     3 ||     3
       Summon Guardian G |       |     1 ||     1
  Use: Scroll            |       |     4 ||     4
       Potion            |       |     1 ||     1
 Stab: Sleeping          |     4 |    10 ||    14
Armor: Skin              |     2 |     3 ||     5
Dodge: Dodged            |    25 |    18 ||    43

Table legend: (Time is in decaauts)
 A = Elapsed time spent in this place.
 B = Non-inter-level travel time spent in this place.
 C = Inter-level travel time spent in this place.
 D = Time resting spent in this place.
 E = Time spent auto-exploring this place.
 F = Levels seen in this place.
 G = Mean time per level.
                   A        B        C        D        E       F      G
               +--------+--------+--------+--------+--------+-----+--------+
         Total |   2709 |   2686 |     23 |      0 |   2079 |   3 |  903.0 |
       Dungeon |   2709 |   2686 |     23 |      0 |   2079 |   3 |  903.0 |
               +--------+--------+--------+--------+--------+-----+--------+

Top non-repeatable levels by time:
     D:1: 1160 daAuts
     D:2: 1093 daAuts
     D:3: 455 daAuts
